 Seeded DCSS version 0.30-a0-1112-gfb780f5df6 (webtiles) character file.

Game seed: 20230419 (custom seed)

62 retardedninja the Firebug (level 4, -2/39 HPs)
             Began as an Ogre Fire Elementalist on Apr 19, 2023.
             Slain by a worm (10 damage)
             ... on level 2 of the Dungeon.
             The game lasted 00:02:49 (2062 turns).

retardedninja the Firebug (Ogre Fire Elementalist)  Turns: 2062, Time: 00:02:50

Health: -2/39      AC:  3    Str: 12    XL:     4   Next: 8%
Magic:  6/8        EV: 10    Int: 18    God:
Gold:   53         SH:  0    Dex:  9    Spells: 8/9 levels left

rFire   . . .      SeeInvis .    f - +0 dagger
rCold   . . .      Faith    .    (no shield)
rNeg    . . .      Spirit   .    a - +0 robe
rPois   .          Reflect  .    (helmet restricted)
rElec   .          Rampage  .    (no cloak)
rCorr   .                        (gloves unavailable)
Will    .....                    (boots unavailable)
Stlth   ++                       (no amulet)
HPRegen 0.26/turn                (no ring)
MPRegen 0.11/turn                (no ring)

@: no status effects
A: large, unfitting armour, tough skin 1
a: no special abilities


You were on level 2 of the Dungeon.
You visited 1 branch of the dungeon, and saw 2 of its levels.

You collected 53 gold pieces.

Inventory:

Hand Weapons
 f - a +0 dagger (weapon)
Armour
 a - a +0 robe (worn)
Scrolls
 e - a scroll of noise {unknown}
Potions
 b - a potion of magic
 c - 3 potions of haste {unknown}
 d - a potion of flight {unknown}
 g - 2 potions of cancellation {unknown}
 h - a potion of curing {unknown}


   Skills:
 + Level 2.2 Dodging
 + Level 2.0 Stealth
 + Level 3.0 Spellcasting
 + Level 1.5 Conjurations
 * Level 3.1 Fire Magic


You had 8 spell levels left.
You knew the following spells:

 Your Spells              Type           Power      Damage    Failure   Level
a - Foxfire               Conj/Fire      44%        2x1d6     6%          1

Your spell library contained the following spells:

 Spells                   Type           Power      Damage    Failure   Level
 Scorch                   Fire           28%        2d6       7%          2
 Summon Small Mammal      Summ           8%         N/A       16%         1
 Inner Flame              Hex/Fire       8%         N/A       26%         3
 Volatile Blastmotes      Fire/Tloc      16%        2d11      26%         3
 Call Canine Familiar     Summ           2%         N/A       43%         3
 Summon Guardian Golem    Hex/Summ       2%         N/A       43%         3
 Flame Wave               Conj/Fire      11%        2d6       52%         4


Dungeon Overview and Level Annotations

Branches:
Dungeon (2/15)

Altars:

Shops:
D:2 :


Innate Abilities, Weirdness & Mutations

You are too large for most types of armour.
You have tough skin. (AC +1)


Message History

You hit the worm but do no damage.
The worm is severely wounded.
You barely miss the worm.
The worm is severely wounded.
The worm bites you.
You hit the worm.
The worm is severely wounded.
You hit the worm.
The worm is severely wounded.
The worm misses you.
You hit the worm.
The worm is almost dead.
The worm bites you!
* * * LOW HITPOINT WARNING * * *
You hit the worm.
The worm is almost dead.
You barely miss the worm.
The worm is almost dead.
The worm bites you.
* * * LOW HITPOINT WARNING * * *
You hit the worm.
The worm is almost dead.
You barely miss the worm.
The worm is almost dead.
The worm bites you but does no damage.
You barely miss the worm.
The worm is almost dead.
The worm barely misses you.
You hit the worm but do no damage.
The worm is severely wounded.
You hit the worm.
The worm is almost dead.
The worm bites you.
* * * LOW HITPOINT WARNING * * *
You hit the worm but do no damage.
The worm is almost dead.
You hit the worm but do no damage.
The worm is almost dead.
The worm bites you!
You die...

### #.#.# ..#
####.#.###.# #.#
#.(.....##.# #†###
#.#####.##.#
....###.# #.##.#
#.......# #.##.#
###.###.# #.##.#
#.###.#####.##w#
###............?@#
....##############
#####


You could see a worm.

Vanquished Creatures
  An adder (D:2)
  3 dart slugs (D:1)
  5 ball pythons
  7 bats
  2 endoplasms
  3 giant cockroaches
  4 hobgoblins
  6 jackals (D:1)
  4 quokkas
  A frilled lizard (D:1)
  2 kobolds (D:2)
  2 rats
  A spectral goblin (D:1)
41 creatures vanquished.

Vanquished Creatures (others)
  153 foxfires
  A plant (D:2)
154 creatures vanquished.

Grand Total: 195 creatures vanquished

Notes
Turn   | Place    | Note
-------+----------+-------------------------------------------
     0 | D:1      | retardedninja the Ogre Fire Elementalist began the quest
                  | for the Orb.
     0 | D:1      | Reached XP level 1. HP: 16/16 MP: 3/3
   117 | D:1      | Reached skill level 1 in Conjurations
   374 | D:1      | Reached XP level 2. HP: 24/24 MP: 1/5
   836 | D:1      | Reached XP level 3. HP: 11/31 MP: 2/7
   873 | D:1      | Found a faded altar of an unknown god.
  1751 | D:2      | Reached XP level 4. HP: 38/39 MP: 5/8
  1908 | D:2      | Found Luawy's Book Shop.
  2062 | D:2      | Slain by a worm

Illustrated notes

Levels and vault maps discovered:
D:1:      lemuel_arrival_hallway, layout_loops_ring,
          dreamdust_ecumenical_altar_drowned_temple
D:2:      minmay_diamond_boxcup, layout_loops_ring, serial_shops,
          nicolae_square_shop, minmay_misc_feat_alley, corexii_shack

Skill      XL: |  1  2  3  4 |
---------------+-------------+-----
Conjurations   | 1 |  1.5
Dodging        | 2 |  2.2
Fire Magic     | 3 |  3.1
Spellcasting   | 3 |  3.0
Stealth        | 2 |  2.0

Action                     |  1- 3 |  4- 6 || total
---------------------------+-------+-------++-------
  Melee: Unarmed           |    10 |       ||    10
         Dagger            |    88 |    17 ||   105
   Cast: Foxfire           |    77 |    21 ||    98
 Armour: Robe              |    51 |     3 ||    54
  Dodge: Dodged            |   111 |     7 ||   118

Table legend: (Time is in decaauts)
 A = Elapsed time spent in this place.
 B = Non-inter-level travel time spent in this place.
 C = Inter-level travel time spent in this place.
 D = Time resting spent in this place.
 E = Time spent auto-exploring this place.
 F = Levels seen in this place.
 G = Mean time per level.
                   A        B        C        D        E       F      G
               +--------+--------+--------+--------+--------+-----+--------+
         Total |   2061 |   2009 |     52 |    135 |   1401 |   2 | 1030.5 |
       Dungeon |   2061 |   2009 |     52 |    135 |   1401 |   2 | 1030.5 |
               +--------+--------+--------+--------+--------+-----+--------+

Top non-repeatable levels by time:
     D:1: 1362 daAuts
     D:2: 698 daAuts
